 Dungeon Sprint DCSS version 0.30-a0-304-gdc4b735fe1 (webtiles) character file.

Game seed: 6446578914658367462

9864 hellse the Grappler (level 11, -2/166 HPs)
             Began as a Gnoll Transmuter on Oct 20, 2022.
             Was an Initiate of Gozag.
             Slain by a killer bee (6 damage)
             ... in the Dungeon (Sprint III: "The Ten Rune Challenge").
             The game lasted 00:09:53 (2085 turns).

hellse the Grappler (Gnoll Transmuter)              Turns: 2085, Time: 00:09:54

Health: -2/166     AC:  9    Str: 13    XL:     11   Next: 53%
Magic:  26/26      EV: 14    Int: 14    God:    Gozag
Gold:   503        SH:  0    Dex: 12    Spells: 20/33 levels left

rFire   x . .      SeeInvis .      - Unarmed
rCold   + + +      Faith    .    (shield currently unavailable)
rNeg    . . .      Spirit   .    (body armour currently unavailable)
rPois   +          Reflect  .    (helmet currently unavailable)
rElec   .          Harm     .    (cloak currently unavailable)
rCorr   .          Rampage  .    (gloves currently unavailable)
Will    .....      NoTele   +    (boots currently unavailable)
Stlth   ..........               (no amulet)
HPRegen 0.47/turn                (no ring)
MPRegen 0.20/turn                (no ring)

@: berserking, lethally poisoned (-2 -> -10), ice-form, gold aura, very quick
A: freezing attack, amphibious, boosted hp, large, (fangs 1), strong nose,
distributed training
a: End Transformation, Renounce Religion, Potion Petition, Call Merchant, Bribe
Branch


You were in the Dungeon.
You worshipped Gozag.
Gozag was pleased with you.
You were a creature of crystalline ice.
You visited 1 branch You collected 5597 gold pieces.
You spent 122 gold pieces at shops.
You paid 4972 gold pieces to Gozag.

Inventory:

Hand Weapons
 r - a +0 shortbow
Armour
 a - a +0 robe
 i - a +1 robe of resistance (melded)
Wands
 p - a wand of flame (11)
Scrolls
 d - 2 scrolls of vulnerability {unknown}
 h - a scroll of blinking
 j - a scroll of poison {unknown}
 k - 3 scrolls of identify
 m - 2 scrolls of torment {unknown}
 s - a scroll of immolation {unknown}
Potions
 b - a potion of lignification
 e - a potion of haste
 f - 2 potions of magic
 l - 4 potions of flight
 n - 6 potions of mutation
 q - a potion of might
Miscellaneous
 o - a phantom mirror


   Skills:
 + Level 11.2 Fighting
 + Level 10.8 Short Blades
 + Level 10.8 Long Blades
 + Level 10.8 Axes
 + Level 10.8 Maces & Flails
 + Level 10.8 Polearms
 + Level 10.8 Staves
 + Level 10.8 Ranged Weapons
 + Level 10.8 Throwing
 + Level 10.8 Armour
 + Level 11.7 Dodging
 + Level 10.8 Stealth
 + Level 10.8 Shields
 + Level 12.6 Unarmed Combat
 + Level 11.9 Spellcasting
 + Level 9.1 Conjurations
 + Level 9.1 Hexes
 + Level 9.1 Summonings
 + Level 9.1 Necromancy
 + Level 9.1 Translocations
 + Level 9.9 Transmutations
 + Level 9.1 Fire Magic
 + Level 9.1 Ice Magic
 + Level 9.1 Air Magic
 + Level 9.1 Earth Magic
 + Level 9.1 Poison Magic
 + Level 11.8 Invocations
 + Level 10.8 Evocations


You had 20 spell levels left.
You knew the following spells:

 Your Spells              Type           Power      Damage    Failure   Level
a - Beastly Appendage     Tmut           72%        N/A       1%          1
b - Spider Form           Tmut/Pois      35%        N/A       1%          3
c - Ice Form              Ice/Tmut       35%        N/A       1%          4
d - Fireball              Conj/Fire      17%        3d9       5%          5

Your spell library contained the following spells:

 Spells                   Type           Power      Damage    Failure   Level
 Wereblood                Tmut           36%        N/A       1%          2
 Iskenderun's Battlesphe  Conj           34%        2d9       5%          5
 Conjure Ball Lightning   Conj/Air       17%        3x3d6     30%         6
 Orb of Destruction       Conj           17%        9d7       86%         7


Dungeon Overview and Level Annotations

Branches:
Dungeon (1/1)

Altars:
Cheibriados
Dithmenos
Elyvilon
Fedhas
Gozag
Hepliaklqana
Kikubaaqudgha
Makhleb
Nemelex Xobeh
Okawaru
Qazlal
Ru
Sif Muna
Trog
Uskayaw
Vehumet
Wu Jian
Xom
Yredelemnul
Zin
The Shining One
Jiyva
Lugonu

Shops:
D **=!::

Annotations:
D Donald, Frances


Innate Abilities, Weirdness & Mutations

You are a creature of crystalline ice.
You have a powerful freezing melee attack.
You are amphibious.
Your maximum health is increased.
Your armour is entirely melded.
You are incapable of wielding weapons or throwing items.
((You have very sharp teeth.))
Your uncanny sense of smell can sniff out nearby items.
Your experience applies equally to all skills.


Message History

The killer bee stings you.
* * * LOW HITPOINT WARNING * * *
The killer bee misses you. x2
Unknown command.
You feel better. The killer bee barely misses you. The killer bee stings you.
* * * LOW HITPOINT WARNING * * *
You are poisoned.
The killer bee poisons you! The killer bee completely misses you.
The killer bee closely misses you. x2
The killer bee stings you but does no damage.
Unknown command.
Unknown command.
Unknown command.
A red film seems to cover your vision as you go berserk!
You feel yourself moving faster!
You feel mighty!
You feel very sick. The killer bee barely misses you.
The killer bee stings you!
* * * LOW HITPOINT WARNING * * *
The killer bee stings you.
* * * LOW HITPOINT WARNING * * *
The killer bee stings you.
* * * LOW HITPOINT WARNING * * *
You are lethally poisoned!
The killer bee poisons you!
The killer bee stings you but does no damage.
The killer bee closely misses you.
You miss the killer bee.
The killer bee is heavily wounded.
* * * LOW HITPOINT WARNING * * *
You feel sick. The killer bee closely misses you.
The killer bee stings you but does no damage.
The killer bee barely misses you.
Unknown command.
Unknown command.
You punch the killer bee! You freeze the killer bee.
You kill the killer bee!
* * * LOW HITPOINT WARNING * * *
You feel sick. The killer bee stings you.
You die...
Your body crumbles into a pile of gold.

##.## ##..+ $ ...## $ $
....# $ $$ ∩..## $ .∩..#
$$ .#### $
######################
.#.'...'.#.#.#.$Yy.~≈#∆
$ .#.#.).##.#.#.##$y.~≈#
.#.#.).#.#.#.#.#$..~≈≈≈#
...#...##.#.#.##...~~~~#
▓▓▓▓▓▓▓#.#.#.#.#.......#
.~~~...##.#.#.##.......#
≈≈≈♣♣P.'.#.#.#.#.......#
♣♣♣♣♣PP##.#.#.##########
♣♣♣##+#####


You could see 2 killer bees.

Vanquished Creatures
  Snorg (D)
  A centaur warrior (D)
  2 orc high priests (D)
  An orc sorcerer (D)
  2 cane toads (D)
  2 unseen horrors (D)
  A rime drake (D)
  A komodo dragon (D)
  3 wandering mushrooms (D)
  A queen bee (D)
  2 tyrant leeches (D)
  5 blink frogs (D)
  A shadow (D)
  A redback (D)
  A spatial vortex (D)
  A swamp drake (D)
  3 orc warriors (D)
  2 centaurs (D)
  An earth elemental (D)
  A water elemental (D)
  A necrophage (D)
  30 killer bees (D)
  A jelly (D)
  A wizard (D)
  4 orc priests (D)
  Jessica (D)
  A necromancer (D)
  An orc wizard (D)
  3 humans (D)
  A kobold demonologist (D)
  A wolf (D)
  7 orcs (D)
  3 rats (D)
88 creatures vanquished.

Vanquished Creatures (collateral kills)
  A deep elf pyromancer (D)
1 creature vanquished.

Grand Total: 89 creatures vanquished

Notes
Turn   | Place    | Note
-------+----------+-------------------------------------------
     0 | D        | hellse the Gnoll Transmuter began the quest for the Orb.
     0 | D        | Reached XP level 1. HP: 17/17 MP: 6/6
    22 | D        | Noticed Jessica
    26 | D        | Killed Jessica
    27 | D        | Reached skill level 1 in Short Blades
    27 | D        | Reached skill level 1 in Long Blades
    27 | D        | Reached skill level 1 in Axes
    27 | D        | Reached skill level 1 in Maces & Flails
    27 | D        | Reached skill level 1 in Polearms
    27 | D        | Reached skill level 1 in Staves
    27 | D        | Reached skill level 1 in Ranged Weapons
    27 | D        | Reached skill level 1 in Throwing
    27 | D        | Reached skill level 1 in Armour
    27 | D        | Reached skill level 1 in Stealth
    27 | D        | Reached skill level 1 in Shields
    27 | D        | Reached skill level 5 in Spellcasting
    27 | D        | Reached skill level 1 in Conjurations
    27 | D        | Reached skill level 1 in Hexes
    27 | D        | Reached skill level 1 in Summonings
    27 | D        | Reached skill level 1 in Necromancy
    27 | D        | Reached skill level 1 in Translocations
    27 | D        | Reached skill level 1 in Fire Magic
    27 | D        | Reached skill level 1 in Ice Magic
    27 | D        | Reached skill level 1 in Air Magic
    27 | D        | Reached skill level 1 in Earth Magic
    27 | D        | Reached skill level 1 in Poison Magic
    27 | D        | Reached skill level 1 in Evocations
    27 | D        | Reached XP level 2. HP: 23/24 MP: 6/8
    27 | D        | Reached XP level 3. HP: 28/29 MP: 6/9
    58 | D        | Learned a level 3 spell: Spider Form
    73 | D        | Reached skill level 5 in Dodging
   103 | D        | Reached skill level 7 in Unarmed Combat
   103 | D        | Reached XP level 4. HP: 31/36 MP: 7/11
   130 | D        | Learned a level 4 spell: Ice Form
   132 | D        | Noticed a water elemental
   139 | D        | Killed a water elemental
   140 | D        | Reached XP level 5. HP: 42/42 MP: 8/13
   186 | D        | Noticed a shadow
   191 | D        | Killed a shadow
   192 | D        | Reached skill level 5 in Fighting
   192 | D        | Reached skill level 8 in Unarmed Combat
   192 | D        | Reached skill level 5 in Transmutations
   192 | D        | Reached skill level 5 in Invocations
   192 | D        | Reached XP level 6. HP: 40/51 MP: 10/15
   260 | D        | Found a blossoming altar of Fedhas.
   260 | D        | Found a stormy altar of Qazlal.
   260 | D        | Found a snail-covered altar of Cheibriados.
   260 | D        | Found a burning altar of Makhleb.
   260 | D        | Found a shimmering altar of Xom.
   260 | D        | Noticed a spatial vortex
   261 | D        | Found a hazy altar of Hepliaklqana.
   261 | D        | Found an opulent altar of Gozag.
   261 | D        | Found a sparkling altar of Nemelex Xobeh.
   261 | D        | Found a corrupted altar of Lugonu.
   261 | D        | Found a viscous altar of Jiyva.
   265 | D        | Became a worshipper of Gozag Ym Sagoz the Greedy
   270 | D        | Killed a spatial vortex
   271 | D        | Reached skill level 5 in Short Blades
   271 | D        | Reached skill level 5 in Long Blades
   271 | D        | Reached skill level 5 in Axes
   271 | D        | Reached skill level 5 in Maces & Flails
   271 | D        | Reached skill level 5 in Polearms
   271 | D        | Reached skill level 5 in Staves
   271 | D        | Reached skill level 5 in Ranged Weapons
   271 | D        | Reached skill level 5 in Throwing
   271 | D        | Reached skill level 5 in Armour
   271 | D        | Reached skill level 5 in Stealth
   271 | D        | Reached skill level 5 in Shields
   271 | D        | Reached skill level 5 in Evocations
   287 | D        | Found a basalt altar of Yredelemnul.
   287 | D        | Found a shadowy altar of Dithmenos.
   287 | D        | Found a sacrificial altar of Ru.
   290 | D        | Reached XP level 7. HP: 57/57 MP: 6/17
   303 | D        | Found a glowing silver altar of Zin.
   303 | D        | Found a glowing golden altar of the Shining One.
   303 | D        | Found a white marble altar of Elyvilon.
   303 | D        | Noticed a deep elf pyromancer
   308 | D        | Killed a deep elf pyromancer
   309 | D        | Reached skill level 9 in Unarmed Combat
   309 | D        | Reached skill level 5 in Conjurations
   309 | D        | Reached skill level 5 in Hexes
   309 | D        | Reached skill level 5 in Summonings
   309 | D        | Reached skill level 5 in Necromancy
   309 | D        | Reached skill level 5 in Translocations
   309 | D        | Reached skill level 5 in Fire Magic
   309 | D        | Reached skill level 5 in Ice Magic
   309 | D        | Reached skill level 5 in Air Magic
   309 | D        | Reached skill level 5 in Earth Magic
   309 | D        | Reached skill level 5 in Poison Magic
   309 | D        | Reached XP level 8. HP: 45/65 MP: 10/20
   309 | D        | Found a hide-covered altar of Uskayaw.
   309 | D        | Found an iron altar of Okawaru.
   309 | D        | Found a bloodstained altar of Trog.
   309 | D        | Found an ornate altar of the Wu Jian Council.
   422 | D        | Found a radiant altar of Vehumet.
   422 | D        | Found a shimmering blue altar of Sif Muna.
   422 | D        | Found an ancient bone altar of Kikubaaqudgha.
   450 | D        | Learned a level 5 spell: Fireball
   474 | D        | Noticed Snorg
   485 | D        | Killed Snorg
   486 | D        | Reached skill level 10 in Unarmed Combat
   486 | D        | Reached XP level 9. HP: 33/74 MP: 20/22
   791 | D        | Noticed a centaur warrior
   797 | D        | Killed a centaur warrior
   906 | D        | Noticed an orc sorcerer
   907 | D        | Killed an orc sorcerer
   933 | D        | Reached skill level 10 in Spellcasting
   947 | D        | Noticed an orc high priest
   947 | D        | Noticed an orc high priest
   953 | D        | Reached XP level 10. HP: 69/83 MP: 11/24
   987 | D        | Killed an orc high priest
   988 | D        | Reached skill level 10 in Dodging
   988 | D        | Reached skill level 11 in Unarmed Combat
  1012 | D        | Killed an orc high priest
  1013 | D        | Reached skill level 10 in Invocations
  1021 | D        | HP: 4/100 [orc priest/divine providence (13)]
  1099 | D        | Bought a scroll labelled LECKAGASEU for 29 gold pieces
  1251 | D        | Found Rook's Book Shop.
  1314 | D        | Killed an unseen horror
  1461 | D        | Killed an unseen horror
  1479 | D        | Reached skill level 10 in Fighting
  1510 | D        | Noticed a cane toad
  1510 | D        | Noticed a cane toad
  1523 | D        | Killed a cane toad
  1528 | D        | Killed a cane toad
  1529 | D        | Reached skill level 10 in Short Blades
  1529 | D        | Reached skill level 10 in Long Blades
  1529 | D        | Reached skill level 10 in Axes
  1529 | D        | Reached skill level 10 in Maces & Flails
  1529 | D        | Reached skill level 10 in Polearms
  1529 | D        | Reached skill level 10 in Staves
  1529 | D        | Reached skill level 10 in Ranged Weapons
  1529 | D        | Reached skill level 10 in Throwing
  1529 | D        | Reached skill level 10 in Armour
  1529 | D        | Reached skill level 10 in Stealth
  1529 | D        | Reached skill level 10 in Shields
  1529 | D        | Reached skill level 10 in Evocations
  1529 | D        | Reached XP level 11. HP: 56/92 MP: 23/26
  1712 | D        | Reached skill level 12 in Unarmed Combat
  1731 | D        | Noticed a lindwurm
  1805 | D        | Bought a scroll labelled LECKAGASEU for 31 gold pieces
  1805 | D        | Bought a scroll labelled IGIHUN ZOUNG for 31 gold pieces
  1805 | D        | Bought a scroll labelled EKICKI COQEXT for 31 gold pieces
  1998 | D        | Noticed Donald
  1998 | D        | Noticed Frances
  2083 | D        | HP: 7/166 [killer bee (3)]
  2085 | D        | Slain by a killer bee

Illustrated notes

Levels and vault maps discovered:
D:        dungeon_sprint_mu [sprint_mu_entry_cave, sprint_mu_temple_rooms,
          sprint_mu_d1_horrors, sprint_mu_d2_genie, sprint_mu_d3_branching,
          sprint_mu_orc_legion, sprint_mu_elf_gauntlet, sprint_mu_hive_nellie,
          sprint_mu_lair_fedhas, sprint_mu_vaults_butterflies,
          sprint_mu_slime_circle, sprint_mu_swamp_cave, sprint_mu_shoals_archi,
          sprint_mu_blade_basic, sprint_mu_crypt_fortress,
          sprint_mu_tomb_spiral, sprint_mu_vestibule_basic,
          sprint_mu_gehenna_hellfire, sprint_mu_dis_giant,
          sprint_mu_tartarus_statrot, sprint_mu_cocytus_islands, sprint_mu_zot1]

Skill      XL: |  1  2  3  4  5  6  7  8  9 10 11 |
---------------+----------------------------------+-----
Fighting       | 3 4 5 6 8 9 10 11 | 11.2
Short Blades   | 1 2 3 4 5 6 7 8 10 | 10.8
Long Blades    | 1 2 3 4 5 6 7 8 10 | 10.8
Axes           | 1 2 3 4 5 6 7 8 10 | 10.8
Maces & Flails | 1 2 3 4 5 6 7 8 10 | 10.8
Polearms       | 1 2 3 4 5 6 7 8 10 | 10.8
Staves         | 1 2 3 4 5 6 7 8 10 | 10.8
Ranged Weapons | 1 2 3 4 5 6 7 8 10 | 10.8
Throwing       | 1 2 3 4 5 6 7 8 10 | 10.8
Armour         | 1 2 3 4 5 6 7 8 10 | 10.8
Stealth        | 1 2 3 4 5 6 7 8 10 | 10.8
Shields        | 1 2 3 4 5 6 7 8 10 | 10.8
Spellcasting   | 5 6 7 8 9 10 11 | 11.9
Conjurations   | 1 2 3 4 5 6 7 8 9 |  9.1
Hexes          | 1 2 3 4 5 6 7 8 9 |  9.1
Summonings     | 1 2 3 4 5 6 7 8 9 |  9.1
Necromancy     | 1 2 3 4 5 6 7 8 9 |  9.1
Translocations | 1 2 3 4 5 6 7 8 9 |  9.1
Transmutations | 4 5 6 7 8 9 |  9.9
Fire Magic     | 1 2 3 4 5 6 7 8 9 |  9.1
Ice Magic      | 1 2 3 4 5 6 7 8 9 |  9.1
Air Magic      | 1 2 3 4 5 6 7 8 9 |  9.1
Earth Magic    | 1 2 3 4 5 6 7 8 9 |  9.1
Poison Magic   | 1 2 3 4 5 6 7 8 9 |  9.1
Invocations    | 2 3 5 7 8 9 10 11 | 11.8
Evocations     | 1 2 3 4 5 6 7 8 10 | 10.8
Dodging        | 5 6 7 8 9 11 | 11.7
Unarmed Combat | 7 8 9 10 11 12 | 12.6

Action                   |  1- 3 |  4- 6 |  7- 9 | 10-12 || total
-------------------------+-------+-------+-------+-------++-------
Melee: Unarmed           |    19 |    14 |    62 |   153 ||   248
       Headbutt          |     1 |       |       |       ||     1
       Bite              |       |       |       |     2 ||     2
 Cast: Beastly Appendage |     3 |       |       |       ||     3
       Spider Form       |     2 |       |       |       ||     2
       Ice Form          |       |     4 |     6 |    12 ||    22
       Fireball          |       |       |     3 |     4 ||     7
Invok: Potion Petition   |       |       |     1 |       ||     1
       Call Merchant     |       |       |       |     5 ||     5
Evoke: Phantom mirror    |       |       |     1 |       ||     1
  Use: Potion            |       |       |       |     4 ||     4
 Stab: Sleeping          |       |     2 |     4 |     4 ||    10
       Distracted        |       |       |     1 |     3 ||     4
Armor: Skin              |       |     1 |    34 |    28 ||    63
       Robe              |       |       |       |     1 ||     1
Dodge: Dodged            |    14 |     5 |    38 |   104 ||   161

Table legend: (Time is in decaauts)
 A = Elapsed time spent in this place.
 B = Non-inter-level travel time spent in this place.
 C = Inter-level travel time spent in this place.
 D = Time resting spent in this place.
 E = Time spent auto-exploring this place.
 F = Levels seen in this place.
 G = Mean time per level.
                   A        B        C        D        E       F      G
               +--------+--------+--------+--------+--------+-----+--------+
         Total |   2037 |   1975 |     62 |   1161 |      0 |   1 | 2037.0 |
       Dungeon |   2037 |   1975 |     62 |   1161 |      0 |   1 | 2037.0 |
               +--------+--------+--------+--------+--------+-----+--------+

Top non-repeatable levels by time:
       D: 2037 daAuts
